Canadiens vs Penguins
Created - 8 mars 2013 at 19:10
Goals
|
| Canadiens |
2 |
2 |
2 |
6 |
| Penguins |
1 |
0 |
1 |
2 |
|
Shots
|
| Canadiens |
11 |
10 |
18 |
39 |
| Penguins |
14 |
10 |
8 |
32 |
|
1st period
1. Canadiens , Richard Zednik 6 (Tyler Arnason) at 2:52 (PP)
2. Canadiens , Mike York 16 (Marek Svatos, Robert Nilsson) at 7:13
3. Penguins , Ruslan Fedotenko 6 (T.J. Hensick, Bryan Allen) at 12:53
Penalties :
Andreas Johansson (Pit) for Hooking (Minor) at 1:17
2nd period
4. Canadiens , Tomas Holmstrom 11 (Patrick Eaves, Alexei Yashin) at 5:43
5. Canadiens , Ryane Clowe 11 (Alexei Yashin, Richard Zednik) at 10:09
Penalties :
Marek Svatos (Mon) for Interference (Minor) at 16:13
3rd period
6. Canadiens , Robert Nilsson 28 (Shane O'Brien, Marek Svatos) at 9:30
7. Penguins , Darcy Tucker 4 (Riley Armstrong, T.J. Hensick) at 10:17
8. Canadiens , Tomas Holmstrom 12 (Alexei Yashin) at 19:09
Penalties :
Tomas Holmstrom (Mon) for Roughing (Minor) at 12:32, Steve Staios (Pit) for Roughing (Minor) at 19:12, Marek Svatos (Mon) for Hooking (Minor) at 19:12
Goalie Stats
Kari Lehtonen (Mon), 30 saves from 32 shots - (0,938), W, 14-15-4, 60:00 minutes
Jason LaBarbera (Pit), 33 saves from 39 shots - (0,846), L, 1-6-0, 60:00 minutes
Players Stats for Canadiens
Player Name G A P +/- PIM S H SB GA TA FO MP PP MP PK MP
------------------------------------------------------------------------------------
Alexei Yashin 0 3 3 3 0 3 3 1 0 1 2/7 15:56 0:00 1:04
Éric Desjardins 0 0 0 0 0 0 2 1 1 1 0/0 26:55 1:13 2:09
Jeff Woywitka 0 0 0 0 0 4 1 0 0 1 0/0 26:55 1:13 2:09
Marek Svatos 0 2 2 2 4 3 5 3 0 0 0/0 20:06 1:13 0:00
Mark Stuart 0 0 0 0 0 0 0 2 0 0 0/0 13:01 0:00 0:00
Michel Ouellet 0 0 0 0 0 1 1 0 1 0 0/0 5:56 0:00 0:00
Mike York 1 0 1 2 0 1 2 0 1 1 0/3 22:17 1:13 2:03
Patrick Eaves 0 1 1 2 0 3 0 0 0 0 0/0 12:07 0:00 0:00
Richard Zednik 1 1 2 -1 0 2 0 1 0 0 1/1 16:58 0:22 0:00
Robert Nilsson 1 1 2 2 0 2 0 0 1 1 12/37 23:21 1:13 2:30
Ryan Bayda 0 0 0 0 0 0 2 0 0 1 0/1 10:28 0:00 2:10
Ryane Clowe 1 0 1 -1 0 5 3 0 0 1 0/0 16:54 0:00 0:06
Shane O'Brien 0 1 1 3 0 1 1 0 0 1 0/0 20:04 0:22 1:49
Sheldon Souray 0 0 0 0 0 1 0 1 0 0 0/0 13:01 0:00 0:00
Tomas Holmstrom 2 0 2 2 2 5 2 0 1 0 0/1 12:34 0:22 0:00
Tyler Arnason 0 1 1 -2 0 6 2 0 0 0 7/15 18:33 0:22 0:03
Tyler Sloan 0 0 0 3 0 2 0 0 0 0 0/0 20:04 0:22 1:49
Viktor Kozlov 0 0 0 0 0 0 0 0 0 0 1/1 0:02 0:00 0:00
Players Stats for Penguins
Player Name G A P +/- PIM S H SB GA TA FO MP PP MP PK MP
------------------------------------------------------------------------------------
Andreas Johansson 0 0 0 -1 2 1 1 0 1 0 1/3 18:57 2:24 0:00
Andy Delmore 0 0 0 -2 0 2 1 4 0 2 0/0 20:12 0:00 0:00
Ben Eager 0 0 0 1 0 0 0 1 0 0 0/0 8:17 0:00 0:45
Bryan Allen 0 1 1 1 0 2 1 1 1 0 0/0 19:18 0:00 0:58
Dan Hamhuis 0 0 0 -2 0 0 0 2 0 0 0/0 14:46 1:29 0:37
Darcy Tucker 1 0 1 1 0 1 1 0 0 0 1/1 8:16 0:00 0:44
Darren Reid 0 0 0 -1 0 2 4 1 1 0 0/0 19:02 1:34 0:00
Marc-Édouard Vlasic 0 0 0 -2 0 1 0 1 0 1 0/0 26:43 2:29 0:00
Martin Skoula 0 0 0 1 0 2 0 1 0 1 0/0 19:39 1:29 0:37
Mike Watt 0 0 0 -1 0 0 3 0 1 0 0/0 13:18 0:00 0:00
Riley Armstrong 0 1 1 1 0 3 1 0 0 0 1/3 8:16 0:00 0:44
Ruslan Fedotenko 1 0 1 -1 0 3 0 1 0 0 1/1 13:24 0:00 0:06
Ryan Getzlaf 0 0 0 -2 0 2 2 0 0 0 12/22 17:50 1:34 0:00
Ryan Kesler 0 0 0 -1 0 2 1 0 1 0 15/20 19:45 2:24 0:00
Steve Staios 0 0 0 -2 2 1 1 3 0 1 0/0 19:21 2:29 0:58
T.J. Hensick 0 2 2 -1 0 3 1 2 0 0 12/14 14:09 0:00 0:51
Taylor Pyatt 0 0 0 -2 0 2 1 0 0 0 0/2 17:50 1:34 0:00
Ted Purcell 0 0 0 -2 0 5 0 0 3 0 0/0 18:33 2:24 0:00
3 Stars
1 - Alexei Yashin (Mon)
2 - Tomas Holmstrom (Mon)
3 - Robert Nilsson (Mon)
Power Play
Canadiens - 1 on 1 Attempt(s) - 100,00%
Penguins - 0 on 2 Attempt(s) - 0,00%
Penalty Kill
Canadiens - 2 on 2 Attempt(s) - 100,00%
- Score 0 goal in Penalty Kill
Penguins - 0 on 1 Attempt(s) - 0,00%
- Score 0 goal in Penalty Kill
Official
Referees : Peel Tim and Pochmara Brian
Linesman : Scott Driscoll and Mike Cvik
Game Notes
Viktor Kozlov is injured at 0:12 of 1st period (Bruised Right Shoulder)
Finance
Level 1 -- Attendance: 6000 (100,00%) -- Ticket Income 456 000 $
Level 2 -- Attendance: 4745 (94,90%) -- Ticket Income 232 505 $
Level 3 -- Attendance: 2000 (100,00%) -- Ticket Income 52 000 $
Level 4 -- Attendance: 4000 (100,00%) -- Ticket Income 72 000 $
Luxury Box -- Attendance: 1000 (100,00%) -- Ticket Income 170 000 $
Game was played at the Igloo
Total Attendance: 17745 (98,58%)
Total Ticket Income: 982 505 $
Total Income: 982 505 $
Canadiens
5 vs 5 Forward
Center Left Wing Right Wing Time % Phy DF OF
1 Robert Nilsson Mike York Marek Svatos 40 1 2 2
2 Viktor Kozlov Ryane Clowe Richard Zednik 30 1 2 2
3 Alexei Yashin Tomas Holmstrom Patrick Eaves 20 1 2 2
4 Tyler Arnason Ryan Bayda Michel Ouellet 10 1 2 2
5 vs 5 Defense
Defense Defense Time % Phy DF OF
1 Éric Desjardins Jeff Woywitka 40 1 2 2
2 Tyler Sloan Shane O'Brien 30 1 2 2
3 Mark Stuart Sheldon Souray 20 1 2 2
4 Éric Desjardins Jeff Woywitka 10 1 2 2
PowerPlay Forward
Center Left Wing Right Wing Time % Phy DF OF
1 Robert Nilsson Mike York Marek Svatos 60 1 2 2
2 Viktor Kozlov Tomas Holmstrom Richard Zednik 40 1 2 2
PowerPlay Defense
Defense Defense Time % Phy DF OF
1 Éric Desjardins Jeff Woywitka 60 1 2 2
2 Tyler Sloan Shane O'Brien 40 1 2 2
Penalty Kill 4 Players Forward
Center Wing Time % Phy DF OF
1 Robert Nilsson Viktor Kozlov 60 1 2 2
2 Mike York Alexei Yashin 40 1 2 2
Penalty Kill 4 Players Defense
Defense Defense Time % Phy DF OF
1 Éric Desjardins Jeff Woywitka 60 1 2 2
2 Tyler Sloan Shane O'Brien 40 1 2 2
Penalty Kill - 3 Players Forward
Forward Time % Phy DF OF
1 Robert Nilsson 60 1 2 2
2 Viktor Kozlov 40 1 2 2
Penalty Kill - 3 Players Defense
Defense Defense Time % Phy DF OF
1 Éric Desjardins Jeff Woywitka 60 1 2 2
2 Tyler Sloan Shane O'Brien 40 1 2 2
4 vs 4 Forward
Center Wing Time % Phy DF OF
1 Robert Nilsson Viktor Kozlov 60 1 2 2
2 Mike York Alexei Yashin 40 1 2 2
4 vs 4 Defense
Defense Defense Time % Phy DF OF
1 Éric Desjardins Jeff Woywitka 60 1 2 2
2 Tyler Sloan Shane O'Brien 40 1 2 2
Last Minutes Offensive
Center Left Wing Right Wing Defense Defense
Robert Nilsson Mike York Marek Svatos Éric Desjardins Jeff Woywitka
Last Minutes Defensive
Center Left Wing Right Wing Defense Defense
Robert Nilsson Mike York Marek Svatos Éric Desjardins Jeff Woywitka
Goaltenders
Starting : Kari Lehtonen
Backup : Mikael Tellqvist
Extra Forwards
Normal : Tyler Arnason, Ryane Clowe, Ryan Bayda - PP : Tyler Arnason, Ryane Clowe - PK : Ryan Bayda
Extra Defensemen
Normal : Mark Stuart, Sheldon Souray, Tyler Sloan - PP : Mark Stuart - PK : Sheldon Souray, Tyler Sloan
Penalty Shots
Robert Nilsson, Viktor Kozlov, Mike York, Alexei Yashin, Tomas Holmstrom
Penguins
5 vs 5 Forward
Center Left Wing Right Wing Time % Phy DF OF
1 Ryan Kesler Andreas Johansson Darren Reid 38 0 1 4
2 Ryan Getzlaf Taylor Pyatt Ted Purcell 38 0 1 4
3 T.J. Hensick Ruslan Fedotenko Mike Watt 17 0 1 4
4 Riley Armstrong Ben Eager Darcy Tucker 7 0 1 4
5 vs 5 Defense
Defense Defense Time % Phy DF OF
1 Andy Delmore Marc-Édouard Vlasic 40 0 1 4
2 Bryan Allen Martin Skoula 30 0 1 4
3 Dan Hamhuis Steve Staios 20 0 1 4
4 Steve Staios Marc-Édouard Vlasic 10 0 1 4
PowerPlay Forward
Center Left Wing Right Wing Time % Phy DF OF
1 Ryan Kesler Andreas Johansson Ted Purcell 60 0 1 4
2 Ryan Getzlaf Taylor Pyatt Darren Reid 40 0 1 4
PowerPlay Defense
Defense Defense Time % Phy DF OF
1 Steve Staios Marc-Édouard Vlasic 60 0 1 4
2 Dan Hamhuis Martin Skoula 40 1 1 3
Penalty Kill 4 Players Forward
Center Wing Time % Phy DF OF
1 T.J. Hensick Ben Eager 60 1 1 3
2 Riley Armstrong Darcy Tucker 40 1 1 3
Penalty Kill 4 Players Defense
Defense Defense Time % Phy DF OF
1 Bryan Allen Steve Staios 60 1 1 3
2 Dan Hamhuis Martin Skoula 40 1 1 3
Penalty Kill - 3 Players Forward
Forward Time % Phy DF OF
1 Ben Eager 60 1 1 3
2 Riley Armstrong 40 1 1 3
Penalty Kill - 3 Players Defense
Defense Defense Time % Phy DF OF
1 Steve Staios Bryan Allen 60 1 1 3
2 Dan Hamhuis Martin Skoula 40 1 1 3
4 vs 4 Forward
Center Wing Time % Phy DF OF
1 Ryan Kesler Darren Reid 60 0 1 4
2 Ryan Getzlaf Taylor Pyatt 40 0 1 4
4 vs 4 Defense
Defense Defense Time % Phy DF OF
1 Steve Staios Marc-Édouard Vlasic 60 0 1 4
2 Dan Hamhuis Martin Skoula 40 0 1 4
Last Minutes Offensive
Center Left Wing Right Wing Defense Defense
Ryan Kesler Taylor Pyatt Darren Reid Steve Staios Marc-Édouard Vlasic
Last Minutes Defensive
Center Left Wing Right Wing Defense Defense
Ryan Kesler Andreas Johansson Ted Purcell Bryan Allen Martin Skoula
Goaltenders
Starting : Jason LaBarbera
Backup : Brian Elliott
Extra Forwards
Normal : Ryan Getzlaf, Ryan Kesler, Taylor Pyatt - PP : Ryan Getzlaf, Ryan Kesler - PK : Ruslan Fedotenko
Extra Defensemen
Normal : Bryan Allen, Steve Staios, Dan Hamhuis - PP : Marc-Édouard Vlasic - PK : Steve Staios, Dan Hamhuis
Penalty Shots
Ryan Kesler, Ryan Getzlaf, Riley Armstrong, Darren Reid, Taylor Pyatt
% Time on Ice - Canadiens
Lines # - Real PCT - Wanted PCT - Time Play
Normal Forward
1 - 35% - 40% - 19:01
2 - 31% - 30% - 16:36
3 - 23% - 20% - 12:07
4 - 11% - 10% - 5:56
Normal Defense
1 - 38% - 40% - 20:15
2 - 33% - 30% - 17:49
3 - 24% - 20% - 13:01
4 - 5% - 10% - 2:35
PP Forward
1 - 77% - 60% - 1:13
2 - 23% - 40% - 0:22
PP Defense
1 - 77% - 60% - 1:13
2 - 23% - 40% - 0:22
PK Forward
1 - 100% - 60% - 3:58
2 - 0% - 40% - 0:00
PK Defense
1 - 54% - 60% - 2:09
2 - 46% - 40% - 1:49
PK3 Forward
1 - 0% - 60%
2 - 0% - 40%
PK3 Defense
1 - 0% - 60%
2 - 0% - 40%
44 Forward
1 - 100% - 60% - 0:47
2 - 0% - 40% - 0:00
44 Defense
1 - 91% - 60% - 0:43
2 - 9% - 40% - 0:04
Last Minute Offensive - 0:00
Last Minute Defensive - 0:00
Total
Forward - 60:00
Defense - 60:00
|
% Time on Ice - Penguins
Lines # - Real PCT - Wanted PCT - Time Play
Normal Forward
1 - 31% - 38% - 16:34
2 - 30% - 38% - 16:16
3 - 25% - 17% - 13:18
4 - 14% - 7% - 7:32
Normal Defense
1 - 38% - 40% - 20:36
2 - 33% - 30% - 17:33
3 - 24% - 20% - 12:40
4 - 5% - 10% - 2:51
PP Forward
1 - 61% - 60% - 2:24
2 - 39% - 40% - 1:34
PP Defense
1 - 63% - 60% - 2:29
2 - 37% - 40% - 1:29
PK Forward
1 - 54% - 60% - 0:51
2 - 46% - 40% - 0:44
PK Defense
1 - 61% - 60% - 0:58
2 - 39% - 40% - 0:37
PK3 Forward
1 - 0% - 60%
2 - 0% - 40%
PK3 Defense
1 - 0% - 60%
2 - 0% - 40%
44 Forward
1 - 100% - 60% - 0:47
2 - 0% - 40% - 0:00
44 Defense
1 - 100% - 60% - 0:47
2 - 0% - 40% - 0:00
Last Minute Offensive - 0:00
Last Minute Defensive - 0:00
Total
Forward - 60:00
Defense - 60:00
|
Play by Play
1st period
0:01 of 1st period - Ryan Kesler wins face-off versus Robert Nilsson in neutral zone.
0:04 of 1st period - Slapshot by Marc-Édouard Vlasic.
0:04 of 1st period - Stopped by Kari Lehtonen with a rebound.
0:06 of 1st period - Slapshot by Andy Delmore.
0:06 of 1st period - Stopped by Kari Lehtonen with a rebound.
0:08 of 1st period - Slapshot by Andy Delmore.
0:08 of 1st period - Shot Misses the Net.
0:10 of 1st period - Slapshot by Andy Delmore.
0:10 of 1st period - Stopped by Kari Lehtonen without a rebound.
0:11 of 1st period - Viktor Kozlov wins face-off versus Taylor Pyatt in Canadiens zone.
0:11 of 1st period - Viktor Kozlov is hit by Taylor Pyatt.
0:12 of 1st period - Viktor Kozlov from Canadiens is injured at 0:12 of 1st period (Bruised Right Shoulder).
0:13 of 1st period - Ryan Getzlaf wins face-off versus Alexei Yashin in Canadiens zone.
1:01 of 1st period - Bryan Allen is hit by Marek Svatos and loses puck.
1:17 of 1st period - Minor Penalty to Andreas Johansson for Hooking.
1:18 of 1st period - T.J. Hensick wins face-off versus Robert Nilsson in Penguins zone.
1:27 of 1st period - Wrist shot by Éric Desjardins.
1:27 of 1st period - Shot Blocked by Steve Staios.
1:37 of 1st period - Bryan Allen is hit by Éric Desjardins and loses puck.
2:38 of 1st period - Wrist shot by Tomas Holmstrom.
2:38 of 1st period - Shot Blocked by Dan Hamhuis.
2:40 of 1st period - Wrist shot by Tomas Holmstrom.
2:40 of 1st period - Stopped by Jason LaBarbera without a rebound.
2:41 of 1st period - Tyler Arnason wins face-off versus Riley Armstrong in Penguins zone.
2:48 of 1st period - Wrist shot by Tyler Arnason.
2:48 of 1st period - Stopped by Jason LaBarbera with a rebound.
2:50 of 1st period - Snap shot by Tyler Sloan.
2:50 of 1st period - Stopped by Jason LaBarbera without a rebound.
2:51 of 1st period - Tyler Arnason wins face-off versus T.J. Hensick in Penguins zone.
2:52 of 1st period - Snap shot by Richard Zednik.
2:52 of 1st period - Goal by Richard Zednik - Canadiens : 1 - Penguins : 0.
2:53 of 1st period - Tyler Arnason wins face-off versus Ryan Getzlaf in neutral zone.
3:00 of 1st period - Slapshot by Ryane Clowe.
3:00 of 1st period - Shot Misses the Net.
3:18 of 1st period - Marc-Édouard Vlasic is hit by Jeff Woywitka.
4:26 of 1st period - Richard Zednik is hit by Steve Staios and loses puck.
4:43 of 1st period - Wrist shot by Robert Nilsson.
4:43 of 1st period - Stopped by Jason LaBarbera without a rebound.
4:44 of 1st period - Ryan Kesler wins face-off versus Robert Nilsson in Penguins zone.
4:55 of 1st period - Slapshot by Marc-Édouard Vlasic.
4:55 of 1st period - Shot Blocked by Marek Svatos.
5:06 of 1st period - Wrist shot by Marek Svatos.
5:06 of 1st period - Stopped by Jason LaBarbera with a rebound.
5:08 of 1st period - Slapshot by Jeff Woywitka.
5:08 of 1st period - Stopped by Jason LaBarbera without a rebound.
5:09 of 1st period - Ryan Getzlaf wins face-off versus Tyler Arnason in Penguins zone.
5:34 of 1st period - Éric Desjardins is hit by Ryan Kesler and loses puck.
5:59 of 1st period - Slapshot by T.J. Hensick.
5:59 of 1st period - Shot Misses the Net.
6:01 of 1st period - Slapshot by Martin Skoula.
6:01 of 1st period - Shot Misses the Net.
6:03 of 1st period - Snap shot by Ruslan Fedotenko.
6:03 of 1st period - Shot Blocked by Marek Svatos.
6:33 of 1st period - Jeff Woywitka is hit by Andy Delmore and loses puck.
6:51 of 1st period - Off-side.
6:52 of 1st period - Ryan Kesler wins face-off versus Robert Nilsson in neutral zone.
6:55 of 1st period - Wrist shot by Darren Reid.
6:55 of 1st period - Stopped by Kari Lehtonen with a rebound.
6:57 of 1st period - Snap shot by Andreas Johansson.
6:57 of 1st period - Stopped by Kari Lehtonen without a rebound.
6:58 of 1st period - Ryan Getzlaf wins face-off versus Robert Nilsson in Canadiens zone.
7:13 of 1st period - Wrist shot by Mike York.
7:13 of 1st period - Goal by Mike York - Canadiens : 2 - Penguins : 0.
7:14 of 1st period - Ryan Kesler wins face-off versus Mike York in neutral zone.
7:52 of 1st period - Snap shot by Ted Purcell.
7:52 of 1st period - Stopped by Kari Lehtonen with a rebound.
8:02 of 1st period - Slapshot by Patrick Eaves.
8:02 of 1st period - Stopped by Jason LaBarbera without a rebound.
8:03 of 1st period - T.J. Hensick wins face-off versus Alexei Yashin in Penguins zone.
8:08 of 1st period - Shane O'Brien is hit by T.J. Hensick and loses puck.
8:28 of 1st period - Marek Svatos is hit by Darren Reid and loses puck.
8:51 of 1st period - Backhand shot by Richard Zednik.
8:51 of 1st period - Shot Misses the Net.
9:58 of 1st period - Off-side.
9:59 of 1st period - T.J. Hensick wins face-off versus Robert Nilsson in neutral zone.
10:08 of 1st period - Snap shot by T.J. Hensick.
10:08 of 1st period - Shot Misses the Net.
10:46 of 1st period - Marc-Édouard Vlasic is hit by Tomas Holmstrom and loses puck.
11:09 of 1st period - Michel Ouellet is hit by Riley Armstrong.
11:59 of 1st period - Andreas Johansson is hit by Alexei Yashin and loses puck.
12:06 of 1st period - Snap shot by Tomas Holmstrom.
12:06 of 1st period - Shot Blocked by Steve Staios.
12:17 of 1st period - Off-side.
12:18 of 1st period - Ryan Getzlaf wins face-off versus Robert Nilsson in neutral zone.
12:21 of 1st period - Snap shot by Taylor Pyatt.
12:21 of 1st period - Shot Blocked by Marek Svatos.
12:29 of 1st period - Martin Skoula is hit by Marek Svatos and loses puck.
12:41 of 1st period - Icing by Martin Skoula.
12:42 of 1st period - Ruslan Fedotenko wins face-off versus Tyler Arnason in Penguins zone.
12:47 of 1st period - Snap shot by Ruslan Fedotenko.
12:47 of 1st period - Shot Misses the Net.
12:49 of 1st period - Backhand shot by Bryan Allen.
12:49 of 1st period - Stopped by Kari Lehtonen with a rebound.
12:53 of 1st period - Snap shot by Ruslan Fedotenko.
12:53 of 1st period - Goal by Ruslan Fedotenko - Canadiens : 2 - Penguins : 1.
12:54 of 1st period - Ryan Getzlaf wins face-off versus Robert Nilsson in neutral zone.
13:03 of 1st period - Wrist shot by Taylor Pyatt.
13:03 of 1st period - Stopped by Kari Lehtonen without a rebound.
13:04 of 1st period - Ryan Getzlaf wins face-off versus Robert Nilsson in Canadiens zone.
13:15 of 1st period - Snap shot by Taylor Pyatt.
13:15 of 1st period - Shot Misses the Net.
13:17 of 1st period - Slapshot by Martin Skoula.
13:17 of 1st period - Stopped by Kari Lehtonen with a rebound.
13:19 of 1st period - Slapshot by Martin Skoula.
13:19 of 1st period - Shot Blocked by Éric Desjardins.
13:21 of 1st period - Snap shot by Ryan Getzlaf.
13:21 of 1st period - Shot Misses the Net.
13:23 of 1st period - Snap shot by Ryan Getzlaf.
13:23 of 1st period - Stopped by Kari Lehtonen with a rebound.
13:25 of 1st period - Slapshot by Taylor Pyatt.
13:25 of 1st period - Shot Misses the Net.
13:27 of 1st period - Wrist shot by Ted Purcell.
13:27 of 1st period - Stopped by Kari Lehtonen without a rebound.
13:28 of 1st period - Tyler Arnason wins face-off versus Ryan Kesler in Canadiens zone.
13:53 of 1st period - Tyler Sloan is hit by Mike Watt and loses puck.
14:03 of 1st period - Wrist shot by Alexei Yashin.
14:03 of 1st period - Shot Blocked by T.J. Hensick.
15:14 of 1st period - Slapshot by Alexei Yashin.
15:14 of 1st period - Stopped by Jason LaBarbera without a rebound.
15:15 of 1st period - T.J. Hensick wins face-off versus Alexei Yashin in Penguins zone.
15:15 of 1st period - T.J. Hensick is hit by Tomas Holmstrom.
15:24 of 1st period - Snap shot by Ruslan Fedotenko.
15:24 of 1st period - Stopped by Kari Lehtonen without a rebound.
15:25 of 1st period - Robert Nilsson wins face-off versus Ryan Kesler in Canadiens zone.
15:25 of 1st period - Robert Nilsson is hit by Andreas Johansson.
15:33 of 1st period - Tyler Sloan is hit by Darren Reid and loses puck.
16:09 of 1st period - Wrist shot by Tomas Holmstrom.
16:09 of 1st period - Stopped by Jason LaBarbera without a rebound.
16:10 of 1st period - T.J. Hensick wins face-off versus Tomas Holmstrom in Penguins zone.
17:38 of 1st period - T.J. Hensick is hit by Ryan Bayda and loses puck.
17:43 of 1st period - Wrist shot by Tyler Arnason.
17:43 of 1st period - Shot Blocked by T.J. Hensick.
19:57 of 1st period - Snap shot by Mike Watt.
19:57 of 1st period - Shot Blocked by Mark Stuart.
19:59 of 1st period - Wrist shot by Ruslan Fedotenko.
19:59 of 1st period - Stopped by Kari Lehtonen with a rebound.
2nd period
0:01 of 2nd period - Robert Nilsson wins face-off versus Ryan Kesler in neutral zone.
0:13 of 2nd period - Off-side.
0:14 of 2nd period - Robert Nilsson wins face-off versus Ryan Getzlaf in neutral zone.
0:17 of 2nd period - Andy Delmore is hit by Mike York and loses puck.
0:40 of 2nd period - Darren Reid is hit by Tyler Arnason and loses puck.
0:47 of 2nd period - Snap shot by Tyler Arnason.
0:47 of 2nd period - Deflect By Richard Zednik.
0:47 of 2nd period - Shot Misses the Net.
0:47 of 2nd period - Puck is out of play.
0:48 of 2nd period - Ryan Kesler wins face-off versus Tyler Arnason in Penguins zone.
1:44 of 2nd period - Snap shot by T.J. Hensick.
1:44 of 2nd period - Shot Misses the Net.
1:58 of 2nd period - Wrist shot by Tyler Arnason.
1:58 of 2nd period - Shot Misses the Net.
2:58 of 2nd period - Slapshot by Bryan Allen.
2:58 of 2nd period - Stopped by Kari Lehtonen without a rebound.
2:59 of 2nd period - T.J. Hensick wins face-off versus Ryan Bayda in Canadiens zone.
3:10 of 2nd period - Snap shot by T.J. Hensick.
3:10 of 2nd period - Shot Blocked by Mark Stuart.
3:12 of 2nd period - Slapshot by Steve Staios.
3:12 of 2nd period - Shot Misses the Net.
3:48 of 2nd period - Slapshot by Dan Hamhuis.
3:48 of 2nd period - Shot Blocked by Sheldon Souray.
3:54 of 2nd period - Slapshot by Tyler Arnason.
3:54 of 2nd period - Shot Misses the Net.
4:04 of 2nd period - Wrist shot by Dan Hamhuis.
4:04 of 2nd period - Shot Blocked by Alexei Yashin.
4:12 of 2nd period - Snap shot by Riley Armstrong.
4:12 of 2nd period - Stopped by Kari Lehtonen with a rebound.
4:14 of 2nd period - Snap shot by Riley Armstrong.
4:14 of 2nd period - Stopped by Kari Lehtonen without a rebound.
4:15 of 2nd period - Robert Nilsson wins face-off versus Ryan Kesler in Canadiens zone.
4:44 of 2nd period - Wrist shot by Ryane Clowe.
4:44 of 2nd period - Stopped by Jason LaBarbera without a rebound.
4:45 of 2nd period - Tyler Arnason wins face-off versus Ryan Getzlaf in Penguins zone.
4:54 of 2nd period - Snap shot by Tyler Arnason.
4:54 of 2nd period - Shot Misses the Net.
4:58 of 2nd period - Snap shot by Ryane Clowe.
4:58 of 2nd period - Stopped by Jason LaBarbera with a rebound.
5:00 of 2nd period - Snap shot by Tyler Arnason.
5:00 of 2nd period - Shot Blocked by Martin Skoula.
5:10 of 2nd period - Tyler Sloan is hit by Darren Reid and loses puck.
5:43 of 2nd period - Snap shot by Tomas Holmstrom.
5:43 of 2nd period - Goal by Tomas Holmstrom - Canadiens : 3 - Penguins : 1.
5:44 of 2nd period - Robert Nilsson wins face-off versus Ryan Getzlaf in neutral zone.
6:26 of 2nd period - Darren Reid is hit by Tyler Arnason and loses puck.
6:39 of 2nd period - Wrist shot by Ryan Kesler.
6:39 of 2nd period - Stopped by Kari Lehtonen with a rebound.
6:41 of 2nd period - Snap shot by Ryan Kesler.
6:41 of 2nd period - Stopped by Kari Lehtonen without a rebound.
6:42 of 2nd period - Robert Nilsson wins face-off versus Taylor Pyatt in Canadiens zone.
6:42 of 2nd period - Robert Nilsson is hit by Ryan Getzlaf.
6:50 of 2nd period - Backhand shot by Taylor Pyatt.
6:50 of 2nd period - Stopped by Kari Lehtonen with a rebound.
7:49 of 2nd period - Ryan Kesler is hit by Mike York and loses puck.
7:56 of 2nd period - Tyler Sloan is hit by Bryan Allen and loses puck.
8:13 of 2nd period - Taylor Pyatt is hit by Alexei Yashin and loses puck.
8:21 of 2nd period - Snap shot by Tomas Holmstrom.
8:21 of 2nd period - Shot Blocked by Andy Delmore.
8:23 of 2nd period - Snap shot by Alexei Yashin.
8:23 of 2nd period - Stopped by Jason LaBarbera without a rebound.
8:24 of 2nd period - Richard Zednik wins face-off versus Andreas Johansson in Penguins zone.
8:56 of 2nd period - Snap shot by Ted Purcell.
8:56 of 2nd period - Shot Misses the Net.
9:33 of 2nd period - Off-side.
9:34 of 2nd period - T.J. Hensick wins face-off versus Tyler Arnason in neutral zone.
9:43 of 2nd period - Slapshot by Tyler Arnason.
9:43 of 2nd period - Shot Blocked by Andy Delmore.
9:45 of 2nd period - Snap shot by Tyler Arnason.
9:45 of 2nd period - Shot Misses the Net.
9:47 of 2nd period - Snap shot by Tyler Arnason.
9:47 of 2nd period - Shot Misses the Net.
9:49 of 2nd period - Backhand shot by Ryan Bayda.
9:49 of 2nd period - Shot Blocked by Marc-Édouard Vlasic.
10:07 of 2nd period - Snap shot by Alexei Yashin.
10:07 of 2nd period - Shot Blocked by Ruslan Fedotenko.
10:09 of 2nd period - Wrist shot by Ryane Clowe.
10:09 of 2nd period - Goal by Ryane Clowe - Canadiens : 4 - Penguins : 1.
10:10 of 2nd period - Ryan Getzlaf wins face-off versus Robert Nilsson in neutral zone.
10:39 of 2nd period - Ryan Kesler is hit by Éric Desjardins and loses puck.
10:58 of 2nd period - Snap shot by Alexei Yashin.
10:58 of 2nd period - Shot Misses the Net.
11:00 of 2nd period - Snap shot by Alexei Yashin.
11:00 of 2nd period - Deflect By Patrick Eaves.
11:00 of 2nd period - Stopped by Jason LaBarbera without a rebound.
11:01 of 2nd period - Alexei Yashin wins face-off versus Ryan Getzlaf in Penguins zone.
11:45 of 2nd period - Slapshot by Bryan Allen.
11:45 of 2nd period - Deflect By Ruslan Fedotenko.
11:45 of 2nd period - Shot Misses the Net.
11:45 of 2nd period - Puck is out of play.
11:46 of 2nd period - Tyler Arnason wins face-off versus T.J. Hensick in Canadiens zone.
11:55 of 2nd period - Wrist shot by Tyler Arnason.
11:55 of 2nd period - Stopped by Jason LaBarbera with a rebound.
12:01 of 2nd period - Wrist shot by Richard Zednik.
12:01 of 2nd period - Shot Blocked by Andy Delmore.
12:34 of 2nd period - Ted Purcell is hit by Shane O'Brien and loses puck.
13:14 of 2nd period - Bryan Allen is hit by Ryane Clowe and loses puck.
13:20 of 2nd period - Icing by Martin Skoula.
13:21 of 2nd period - T.J. Hensick wins face-off versus Robert Nilsson in Penguins zone.
13:47 of 2nd period - Bryan Allen is hit by Ryane Clowe and loses puck.
14:04 of 2nd period - Snap shot by T.J. Hensick.
14:04 of 2nd period - Stopped by Kari Lehtonen without a rebound.
14:05 of 2nd period - Andreas Johansson wins face-off versus Mike York in Canadiens zone.
14:06 of 2nd period - Wrist shot by Ryan Kesler.
14:06 of 2nd period - Shot Misses the Net.
14:30 of 2nd period - Marc-Édouard Vlasic is hit by Alexei Yashin and loses puck.
14:51 of 2nd period - Snap shot by Darcy Tucker.
14:51 of 2nd period - Shot Misses the Net.
14:59 of 2nd period - Backhand shot by Riley Armstrong.
14:59 of 2nd period - Stopped by Kari Lehtonen with a rebound.
16:08 of 2nd period - Wrist shot by Darren Reid.
16:08 of 2nd period - Stopped by Kari Lehtonen without a rebound.
16:09 of 2nd period - Ryan Getzlaf wins face-off versus Robert Nilsson in Canadiens zone.
16:13 of 2nd period - Minor Penalty to Marek Svatos for Interference.
16:14 of 2nd period - Ryan Kesler wins face-off versus Robert Nilsson in Canadiens zone.
16:19 of 2nd period - Wrist shot by Ted Purcell.
16:19 of 2nd period - Stopped by Kari Lehtonen without a rebound.
16:20 of 2nd period - Ryan Kesler wins face-off versus Robert Nilsson in Canadiens zone.
18:13 of 2nd period - Penalty to Marek Svatos is over, Marek Svatos is back on ice.
18:16 of 2nd period - Darren Reid is hit by Marek Svatos and loses puck.
18:31 of 2nd period - Slapshot by Sheldon Souray.
18:31 of 2nd period - Deflect By Ryane Clowe.
18:31 of 2nd period - Stopped by Jason LaBarbera without a rebound.
18:32 of 2nd period - Tyler Arnason wins face-off versus Riley Armstrong in Penguins zone.
18:39 of 2nd period - Snap shot by Richard Zednik.
18:39 of 2nd period - Stopped by Jason LaBarbera with a rebound.
18:41 of 2nd period - Slapshot by Sheldon Souray.
18:41 of 2nd period - Shot Misses the Net.
18:57 of 2nd period - Patrick Eaves is hit by Mike Watt and loses puck.
19:27 of 2nd period - Icing by Ryan Kesler.
19:28 of 2nd period - Ryan Kesler wins face-off versus Robert Nilsson in Penguins zone.
19:55 of 2nd period - Snap shot by Alexei Yashin.
19:55 of 2nd period - Stopped by Jason LaBarbera with a rebound.
3rd period
0:01 of 3rd period - Ryan Kesler wins face-off versus Robert Nilsson in neutral zone.
0:03 of 3rd period - Off-side.
0:04 of 3rd period - Ryan Kesler wins face-off versus Robert Nilsson in neutral zone.
0:35 of 3rd period - Snap shot by Taylor Pyatt.
0:35 of 3rd period - Shot Misses the Net.
0:37 of 3rd period - Slapshot by Marc-Édouard Vlasic.
0:37 of 3rd period - Shot Blocked by Richard Zednik.
0:55 of 3rd period - Wrist shot by Ruslan Fedotenko.
0:55 of 3rd period - Shot Misses the Net.
1:29 of 3rd period - Slapshot by Shane O'Brien.
1:29 of 3rd period - Stopped by Jason LaBarbera without a rebound.
1:30 of 3rd period - Darcy Tucker wins face-off versus Tyler Arnason in Penguins zone.
1:30 of 3rd period - Darcy Tucker is hit by Michel Ouellet.
1:43 of 3rd period - Snap shot by Michel Ouellet.
1:43 of 3rd period - Stopped by Jason LaBarbera with a rebound.
1:45 of 3rd period - Snap shot by Tyler Arnason.
1:45 of 3rd period - Stopped by Jason LaBarbera without a rebound.
1:46 of 3rd period - Robert Nilsson wins face-off versus Ryan Getzlaf in Penguins zone.
2:13 of 3rd period - Ryane Clowe is hit by Darren Reid and loses puck.
2:20 of 3rd period - Wrist shot by Ryan Kesler.
2:20 of 3rd period - Shot Misses the Net.
2:34 of 3rd period - Wrist shot by T.J. Hensick.
2:34 of 3rd period - Stopped by Kari Lehtonen without a rebound.
2:35 of 3rd period - T.J. Hensick wins face-off versus Alexei Yashin in Canadiens zone.
3:04 of 3rd period - Patrick Eaves is hit by Mike Watt and loses puck.
3:37 of 3rd period - Snap shot by Patrick Eaves.
3:37 of 3rd period - Shot Misses the Net.
3:39 of 3rd period - Snap shot by Patrick Eaves.
3:39 of 3rd period - Stopped by Jason LaBarbera without a rebound.
3:40 of 3rd period - Ryan Getzlaf wins face-off versus Robert Nilsson in Penguins zone.
4:14 of 3rd period - Snap shot by Ryan Bayda.
4:14 of 3rd period - Shot Misses the Net.
4:30 of 3rd period - Mark Stuart is hit by Ryan Getzlaf and loses puck.
5:03 of 3rd period - Andy Delmore is hit by Marek Svatos and loses puck.
5:14 of 3rd period - Tyler Sloan is hit by Darcy Tucker and loses puck.
5:49 of 3rd period - Andreas Johansson is hit by Marek Svatos and loses puck.
7:27 of 3rd period - Slapshot by Bryan Allen.
7:27 of 3rd period - Shot Misses the Net.
7:36 of 3rd period - Icing by Riley Armstrong.
7:37 of 3rd period - Riley Armstrong wins face-off versus Robert Nilsson in Penguins zone.
7:46 of 3rd period - Snap shot by Marek Svatos.
7:46 of 3rd period - Stopped by Jason LaBarbera with a rebound.
7:48 of 3rd period - Snap shot by Sheldon Souray.
7:48 of 3rd period - Stopped by Jason LaBarbera with a rebound.
9:01 of 3rd period - Off-side.
9:02 of 3rd period - T.J. Hensick wins face-off versus Alexei Yashin in neutral zone.
9:28 of 3rd period - Snap shot by Marek Svatos.
9:28 of 3rd period - Shot Blocked by Darren Reid.
9:30 of 3rd period - Slapshot by Shane O'Brien.
9:30 of 3rd period - Deflect By Robert Nilsson.
9:30 of 3rd period - Goal by Robert Nilsson - Canadiens : 5 - Penguins : 1.
9:31 of 3rd period - Ryan Getzlaf wins face-off versus Robert Nilsson in neutral zone.
9:36 of 3rd period - Slapshot by Ted Purcell.
9:36 of 3rd period - Shot Misses the Net.
9:56 of 3rd period - Marc-Édouard Vlasic is hit by Ryane Clowe and loses puck.
10:17 of 3rd period - Wrist shot by Darcy Tucker.
10:17 of 3rd period - Goal by Darcy Tucker - Canadiens : 5 - Penguins : 2.
10:18 of 3rd period - Ryan Getzlaf wins face-off versus Mike York in neutral zone.
10:23 of 3rd period - Slapshot by Marc-Édouard Vlasic.
10:23 of 3rd period - Deflect By Ryan Getzlaf.
10:23 of 3rd period - Stopped by Kari Lehtonen with a rebound.
10:48 of 3rd period - Backhand shot by Martin Skoula.
10:48 of 3rd period - Stopped by Kari Lehtonen without a rebound.
10:49 of 3rd period - Ryan Kesler wins face-off versus Tyler Arnason in Canadiens zone.
10:50 of 3rd period - Snap shot by Andreas Johansson.
10:50 of 3rd period - Shot Misses the Net.
11:02 of 3rd period - Wrist shot by Richard Zednik.
11:02 of 3rd period - Shot Misses the Net.
11:04 of 3rd period - Slapshot by Jeff Woywitka.
11:04 of 3rd period - Stopped by Jason LaBarbera with a rebound.
11:06 of 3rd period - Snap shot by Ryane Clowe.
11:06 of 3rd period - Shot Misses the Net.
11:08 of 3rd period - Snap shot by Jeff Woywitka.
11:08 of 3rd period - Stopped by Jason LaBarbera with a rebound.
11:10 of 3rd period - Snap shot by Tyler Arnason.
11:10 of 3rd period - Stopped by Jason LaBarbera without a rebound.
11:11 of 3rd period - Robert Nilsson wins face-off versus Ryan Getzlaf in Penguins zone.
11:14 of 3rd period - Snap shot by Robert Nilsson.
11:14 of 3rd period - Shot Misses the Net.
11:43 of 3rd period - Slapshot by Tyler Sloan.
11:43 of 3rd period - Stopped by Jason LaBarbera without a rebound.
11:44 of 3rd period - Ryan Kesler wins face-off versus Robert Nilsson in Penguins zone.
12:32 of 3rd period - Minor Penalty to Tomas Holmstrom for Roughing.
12:33 of 3rd period - Ryan Kesler wins face-off versus Robert Nilsson in Canadiens zone.
12:36 of 3rd period - Wrist shot by Ted Purcell.
12:36 of 3rd period - Stopped by Kari Lehtonen with a rebound.
12:59 of 3rd period - Icing by Marc-Édouard Vlasic.
13:00 of 3rd period - Robert Nilsson wins face-off versus Andreas Johansson in Penguins zone.
13:17 of 3rd period - Snap shot by Andreas Johansson.
13:17 of 3rd period - Deflect By Ted Purcell.
13:17 of 3rd period - Stopped by Kari Lehtonen with a rebound.
13:19 of 3rd period - Slapshot by Steve Staios.
13:19 of 3rd period - Stopped by Kari Lehtonen without a rebound.
13:20 of 3rd period - Robert Nilsson wins face-off versus Ryan Getzlaf in Canadiens zone.
14:32 of 3rd period - Penalty to Tomas Holmstrom is over, Tomas Holmstrom is back on ice.
14:47 of 3rd period - Snap shot by Tyler Arnason.
14:47 of 3rd period - Stopped by Jason LaBarbera without a rebound.
14:48 of 3rd period - T.J. Hensick wins face-off versus Tyler Arnason in Penguins zone.
14:56 of 3rd period - Snap shot by T.J. Hensick.
14:56 of 3rd period - Stopped by Kari Lehtonen without a rebound.
14:57 of 3rd period - T.J. Hensick wins face-off versus Tyler Arnason in Canadiens zone.
15:10 of 3rd period - Slapshot by Tyler Arnason.
15:10 of 3rd period - Stopped by Jason LaBarbera without a rebound.
15:11 of 3rd period - Robert Nilsson wins face-off versus Ryan Getzlaf in Penguins zone.
16:21 of 3rd period - Snap shot by Tyler Arnason.
16:21 of 3rd period - Shot Blocked by Bryan Allen.
16:23 of 3rd period - Wrist shot by Tyler Arnason.
16:23 of 3rd period - Shot Blocked by Ben Eager.
16:37 of 3rd period - Wrist shot by Riley Armstrong.
16:37 of 3rd period - Shot Misses the Net.
16:54 of 3rd period - Martin Skoula is hit by Ryan Bayda and loses puck.
17:24 of 3rd period - Icing by Dan Hamhuis.
17:25 of 3rd period - Robert Nilsson wins face-off versus Ryan Kesler in Penguins zone.
17:30 of 3rd period - Snap shot by Marek Svatos.
17:30 of 3rd period - Stopped by Jason LaBarbera with a rebound.
17:32 of 3rd period - Slapshot by Sheldon Souray.
17:32 of 3rd period - Shot Blocked by Dan Hamhuis.
17:58 of 3rd period - Snap shot by Ryane Clowe.
17:58 of 3rd period - Shot Blocked by Steve Staios.
18:16 of 3rd period - Slapshot by Patrick Eaves.
18:16 of 3rd period - Shot Misses the Net.
18:18 of 3rd period - Slapshot by Tomas Holmstrom.
18:18 of 3rd period - Stopped by Jason LaBarbera with a rebound.
18:51 of 3rd period - Wrist shot by Ryane Clowe.
18:51 of 3rd period - Stopped by Jason LaBarbera with a rebound.
18:55 of 3rd period - Snap shot by Tyler Arnason.
18:55 of 3rd period - Shot Blocked by Andy Delmore.
19:07 of 3rd period - Wrist shot by Alexei Yashin.
19:07 of 3rd period - Deflect By Andy Delmore.
19:07 of 3rd period - Shot Misses the Net.
19:07 of 3rd period - Puck is out of play.
19:08 of 3rd period - Alexei Yashin wins face-off versus Ryan Getzlaf in Penguins zone.
19:09 of 3rd period - Slapshot by Tomas Holmstrom.
19:09 of 3rd period - Goal by Tomas Holmstrom - Canadiens : 6 - Penguins : 2.
19:10 of 3rd period - Ryan Getzlaf wins face-off versus Robert Nilsson in neutral zone.
19:12 of 3rd period - Minor Penalty to Steve Staios for Roughing.
19:12 of 3rd period - Minor Penalty to Marek Svatos for Hooking.
19:13 of 3rd period - Ryan Kesler wins face-off versus Robert Nilsson in neutral zone.
19:25 of 3rd period - Snap shot by Robert Nilsson.
19:25 of 3rd period - Shot Misses the Net.
19:27 of 3rd period - Slapshot by Jeff Woywitka.
19:27 of 3rd period - Stopped by Jason LaBarbera without a rebound.
19:28 of 3rd period - Ryan Kesler wins face-off versus Robert Nilsson in Penguins zone.
Output by the SimonT Hockey Simulator (STHS) for François Prévost -- Original Page W3C XHTML 1.0 Valid